 Dungeon Crawl Stone Soup version 0.30-b1-2-g02819fbbbe (webtiles) character file.

Game seed: 11497545494486155201

1703672 Anon1729 the Rapturous (level 24, 170/205 HPs)
             Began as a Minotaur Monk on July 31, 2023.
             Was a Follower of Uskayaw.
             Escaped with the Orb
             ... and 3 runes!
             The game lasted 01:06:38 (61418 turns).

Anon1729 the Rapturous (Minotaur Monk)             Turns: 61418, Time: 01:06:39

Health: 170/205    AC: 36    Str: 25    XL:     24   Next: 32%
Magic:  33/33      EV: 25    Int:  7    God:    Uskayaw [*.....]
Gold:   2445       SH: 11    Dex: 27    Spells: 23/23 levels left

rFire   + . .        d - +9 quick blade (venom)
rCold   + + +        f - +3 buckler of the Pleiades {rElec Dex+4}
rNeg    . . .        Y - +5 chain mail of the Bagpipe {rF+ rC++}
rPois   .            (helmet unavailable)
rElec   +            G - +2 cloak {Will+}
rCorr   .            H - +2 pair of gloves {Str+3}
SInv    +            E - +2 pair of boots {Stlth+}
Will    +++..        D - amulet of faith Stlth
                     r - ring "Lutrenyr" {AC+4 Str+4 Slay+5}
HPRegen 0.54/turn    a - ring of see invisible
MPRegen 0.23/turn

%: faith
@: studying Summonings
A: horns 3, retaliatory headbutt, cold resistance 1, deterioration 1, frail 1,
low MP 1, strong-willed 1, subdued magic 1
0: Orb of Zot
}: 3/15 runes: serpentine, barnacled, abyssal
a: Renounce Religion, Stomp


You escaped.
You worshipped Uskayaw.
Uskayaw was greatly pleased with you.
You visited 10 branches of the dungeon, and saw 44 of its levels.
You visited the Abyss 1 time.
You visited 1 bazaar.
You also visited: Bailey.

You collected 5589 gold pieces.
You spent 3144 gold pieces at shops.

Inventory:

Hand Weapons
 d - a +9 quick blade of venom (weapon)
Missiles
 t - 6 curare-tipped darts (quivered)
 z - 8 throwing nets
Armour
 f - the +3 buckler of the Pleiades (worn) {rElec Dex+4}
   (You acquired it on level 10 of the Dungeon)

   Dex:       It affects your dexterity (+4).
   rElec:     It insulates you from electricity.
 E - a +2 pair of boots of stealth (worn)
 G - a +2 cloak of willpower (worn)
 H - a +2 pair of gloves of strength (worn)
 M - a +6 scale mail of poison resistance
 Y - the +5 chain mail of the Bagpipe (worn) {rF+ rC++}
   (You found it on level 4 of the Realm of Zot)

   rF:        It protects you from fire.
   rC:        It greatly protects you from cold.
Jewellery
 a - a ring of see invisible (right hand)
 r - the ring "Lutrenyr" (left hand) {AC+4 Str+4 Slay+5}
   (You acquired it on level 10 of the Dungeon)

   [ring of protection]

   AC:        It affects your AC (+4).
   Str:       It affects your strength (+4).
   Slay:      It affects your accuracy & damage with ranged weapons and melee
   (+5).
 D - an amulet of faith (around neck)
 U - a +5 ring of evasion
 V - a ring of protection from fire
 X - a ring of willpower
Wands
 u - a wand of flame (143)
 v - a wand of acid (20)
 y - a wand of charming (43)
 R - a wand of mindburst (19)
 T - a wand of roots (47)
Scrolls
 c - 13 scrolls of teleportation
 g - 4 scrolls of magic mapping
 m - 5 scrolls of fear
 n - a scroll of blinking
 o - 3 scrolls of torment
 s - 8 scrolls of poison
 F - 9 scrolls of fog
 I - 8 scrolls of immolation
 L - a scroll of summoning
 O - 5 scrolls of vulnerability
 W - a scroll of silence
Potions
 e - 4 potions of attraction
 h - 5 potions of heal wounds
 j - 8 potions of lignification
 p - 9 potions of flight
 q - 22 potions of curing
 w - 12 potions of mutation
 x - 7 potions of haste
 A - 5 potions of berserk rage
 B - 6 potions of magic
 C - 8 potions of brilliance
 J - 15 potions of might
 K - 3 potions of invisibility
 N - 6 potions of ambrosia
 S - 5 potions of cancellation
Miscellaneous
 b - a condenser vane
 Q - a piece from Xom's chessboard (15/15)
 Z - a phial of floods


   Skills:
 + Level 21.0 Fighting
 + Level 19.5 Short Blades
 + Level 20.8 Armour
 + Level 19.4 Dodging
 + Level 10.7 Shields
 * Level 23.4 Invocations
 * Level 17.5 Evocations


You had 23 spell levels left.
You didn't know any spells.
Your spell library contained the following spells:

 Spells                   Type           Power      Damage    Failure   Level
 Freeze                   Ice            0%         1d3       77%         1
 Kiss of Death            Conj/Necr      0%         2d5       77%         1
 Shock                    Conj/Air       0%         1d3       77%         1
 Sting                    Tmut/Pois      0%         1d3       77%         1
 Blink                    Tloc           0%         N/A       89%         2
 Cigotuvi's Dreadful Rot  Necr/Pois/Air  0%         N/A       89%         2
 Ensorcelled Hibernation  Hex/Ice        0%         N/A       89%         2
 Lesser Beckoning         Tloc           0%         N/A       89%         2
 Passwall                 Tmut/Erth      0%         N/A       89%         2
 Poisonous Vapours        Pois/Air       0%         N/A       89%         2
 Static Discharge         Conj/Air       0%         2-2/arc   89%         2
 Sublimation of Blood     Necr           0%         N/A       89%         2
 Wereblood                Tmut           0%         N/A       89%         2
 Confusing Touch          Hex            0%         N/A       98%         3
 Dazzling Flash           Conj/Hex       0%         N/A       98%         3
 Frozen Ramparts          Ice            0%         1d1       98%         3
 Gell's Gravitas          Tloc           0%         N/A       98%         3
 Hailstorm                Conj/Ice       0%         3d3       98%         3
 Ignite Poison            Fire/Tmut/Pois 0%         N/A       98%         3
 Inner Flame              Hex/Fire       0%         N/A       98%         3
 Mephitic Cloud           Conj/Pois/Air  0%         N/A       98%         3
 Ozocubu's Armour         Ice            0%         N/A       98%         3
 Spider Form              Tmut/Pois      0%         N/A       98%         3
 Stone Arrow              Conj/Erth      0%         3d7       98%         3
 Summon Guardian Golem    Hex/Summ       0%         N/A       98%         3
 Swiftness                Air            0%         N/A       98%         3
 Teleport Other           Tloc           0%         N/A       98%         3
 Volatile Blastmotes      Fire/Tloc      0%         2d10      98%         3
 Airstrike                Air            0%         2d(0-16)  100%        4
 Animate Armour           Summ/Erth      0%         N/A       100%        4
 Cause Fear               Hex            0%         N/A       100%        4
 Dispel Undead            Necr           0%         3d6       100%        4
 Ice Form                 Ice/Tmut       0%         N/A       100%        4
 Iskenderun's Mystic Bla  Conj/Tloc      0%         2d3       100%        4
 Manifold Assault         Tloc           0%         N/A       100%        4
 Olgreb's Toxic Radiance  Pois           0%         N/A       100%        4
 Passage of Golubria      Tloc           0%         N/A       100%        4
 Petrify                  Tmut/Erth      0%         N/A       100%        4
 Summon Lightning Spire   Summ/Air       0%         N/A       100%        4
 Alistair's Intoxication  Tmut/Pois      0%         N/A       100%        5
 Blade Hands              Tmut           0%         N/A       100%        5
 Borgnjor's Vile Clutch   Necr/Erth      0%         N/A       100%        5
 Fireball                 Conj/Fire      0%         3d3       100%        5
 Freezing Cloud           Conj/Ice/Air   0%         6-21      100%        5
 Irradiate                Conj/Tmut      0%         3d11      100%        5
 Iskenderun's Battlesphe  Conj           0%         2d6       100%        5
 Metabolic Englaciation   Hex/Ice        0%         N/A       100%        5
 Silence                  Hex/Air        0%         N/A       100%        5
 Yara's Violent Unravell  Hex/Tmut       0%         3d3       100%        5
 Conjure Ball Lightning   Conj/Air       0%         3x3d6     100%        6
 Eringya's Noxious Bog    Tmut/Pois      0%         N/A       100%        6
 Simulacrum               Ice/Necr       0%         N/A       100%        6
 Starburst                Conj/Fire      0%         6d3       100%        6
 Statue Form              Tmut/Erth      0%         N/A       100%        6
 Dragon Form              Tmut           0%         N/A       100%        7
 Enfeeble                 Hex            0%         N/A       100%        7
 Malign Gateway           Summ/Tloc      0%         N/A       100%        7
 Orb of Destruction       Conj           0%         9d5       100%        7
 Ozocubu's Refrigeration  Ice            0%         4d7       100%        7
 Spellforged Servitor     Conj/Summ      0%         N/A       100%        7
 Storm Form               Tmut/Air       0%         N/A       100%        7
 Summon Hydra             Summ           0%         N/A       100%        7
 Lehudib's Crystal Spear  Conj/Erth      0%         10d2      100%        8
 Summon Horrible Things   Summ           0%         N/A       100%        8
 Dragon's Call            Summ           0%         N/A       100%        9


Dungeon Overview and Level Annotations

Branches:
Dungeon (15/15)            Temple (1/1) D:4            Lair (5/5) D:8
 Shoals (4/4) Lair:3        Snake (4/4) Lair:2        Slime (0/5) Lair:4
    Orc (2/2) D:11            Elf (3/3) Orc:2        Vaults (1/5) D:13
 Depths (4/4) D:15            Zot (5/5) Depths:4     Bailey (visited)

Altars:
Ashenzari
Cheibriados
Dithmenos
Elyvilon
Fedhas
Gozag
Hepliaklqana
Kikubaaqudgha
Makhleb
Nemelex Xobeh
Okawaru
Qazlal
Ru
Sif Muna
Trog
Uskayaw
Vehumet
Wu Jian
Xom
Yredelemnul
Zin
The Shining One
Jiyva

Shops:
D:10 :*   Orc:1 :   Orc:2 =(*[   Elf:1 :==   Shoals:1 (   Snake:2 !([
Snake:4 *   Depths:4 *

Portals:
Hell: Depths:1 Depths:2 Depths:3 Depths:4
Abyss: Depths:3
Pandemonium: Depths:2
Ziggurat: Depths:2
Trove: Elf:1 (give 2 scrolls of acquirement)

Annotations:
D:14 2 transporters, Kilet's ghost, adept GrEE
Zot:1 4 transporters


Innate Abilities, Weirdness & Mutations

You have a pair of large horns on your head.
You reflexively headbutt those who attack you in melee.
Your flesh is cold resistant. (rC+)
Your body sometimes deteriorates upon taking damage.
You are frail. (-10% HP)
Your magical capacity is low. (-10% MP)
You are strong-willed. (Will+)
Your spells are a little easier to cast, but a little less powerful.


Message History

You climb upwards.
There is a stone staircase leading down here.
A reaper comes into view. It is wielding a +2 scythe of venom.
The reaper hits you from afar with a +2 scythe of venom!
You are poisoned.
You feel very sick. The reaper hits you but does no damage.
You are more poisoned.
You feel very sick.
You feel very sick.
You feel sick.
You feel very sick.
You feel sick.
There is a stone staircase leading up here.
You feel sick. You block the reaper's attack.
You climb upwards.
You feel sick.
There is a stone staircase leading down here.
(D) Dungeon (T) Temple (L) Lair (A) Shoals (P) Snake Pit (M) Slime Pits (O) Orcish Mines (E) Elven Halls (V) Vaults (U) Depths (H) Hell (Z) Zot
Where to? (Enter - D:1, ? - help)
You feel sick.
You feel sick.
You feel sick.
You feel sick.
You are no longer poisoned.
There is a stone staircase leading up here.
You climb upwards.
There is a stone staircase leading down here.
(D) Dungeon (T) Temple (L) Lair (A) Shoals (P) Snake Pit (M) Slime Pits (O) Orcish Mines (E) Elven Halls (V) Vaults (U) Depths (H) Hell (Z) Zot
Where to? (Enter - D:1, ? - help)
Okay, then.
There is an open door here.
You open the door.
There is an open door here.
There is an escape hatch in the floor here.
There is a staircase leading out of the dungeon here.
You have escaped!

##..............# #..........####
##.###.######'#.###.#.#.......# #
##.#.....# #.#....(+.##.....####
...#.....####.#######.#..........
.................#......##.#.#.##
####.......##.#######.####..###..
# #........#.#.....#.# ##.#.#.##
# ###.######+#.....#+###...#.## #
#.# #..).#.@>..#.'...#....# #
####.###.####.....#####...#..##
###.........#.#.....'.##...##....
........##..#.#'###+#.##.#.##...#
.........##.'....#....'..#.##...#
.##.#.....###.#######.####......#
.##.......>##.'.....+.# ####..##
............#.#.###+#.# #..#
.#..........(.........# #..#


There were no monsters in sight!

Vanquished Creatures
  2 dread liches (Zot:5)
  2 orbs of fire (Zot:5)
  5 ancient liches (Zot:5)
  Josephina (Zot:3)
  Vv (Zot:1)
  2 Killer Klowns (Zot:5)
  9 caustic shrikes (Depths:4)
  the Enchantress (Depths:3)
  Nikola (Snake:2)
  3 golden dragons
  An electric golem (Zot:5)
  A Brimstone Fiend (D:11)
  15 tentacled monstrosities
  23 Orb Guardians
  Mlioglotl (Snake:2)
  3 deep elf blademasters
  5 quicksilver dragons
  A kraken (Shoals:1)
  Asterion (Snake:2)
  4 tentacled starspawn
  2 deep elf master archers
  Gastronok (Lair:1)
  The ghost of Darold the Martial Artist, an adept KoIE of Elyvilon (Elf:2)
  2 death cobs
  2 sphinxes
  The ghost of BerneyBell the Executioner, an adept MiFi of Jiyva (Elf:3)
  Frances (Elf:1)
  2 tengu reavers
  8 draconian monks
  Roxanne (Elf:3)
  6 shadow dragons
  11 storm dragons
  Kirke (Snake:1)
  2 nagarajas
  4 frost giants
  4 fire giants
  2 deep elf sorcerers
  2 vault wardens (Vaults:1)
  8 draconian knights
  3 spectral caustic shrikes (Depths:4)
  9 draconian scorchers
  6 deep elf elementalists
  Louise (Elf:1)
  Aizul (Snake:3)
  6 draconian shifters
  2 balrugs
  3 ghost moths
  A cacodemon (Elf:3)
  3 draconian stormcallers
  4 orc warlords
  7 draconian annihilators
  3 spriggan defenders (Depths:3)
  2 ironbound preservers (Vaults:1)
  11 very ugly things
  2 vampire knights (Depths:4)
  7 dire elephants (Vaults:1)
  3 spark wasps (Depths:4)
  6 deep elf demonologists
  9 stone giants
  8 black draconians
  20 red draconians
  3 deep elf annihilators
  10 green draconians
  16 white draconians
  6 yellow draconians
  5 purple draconians
  A blizzard demon (Zot:5)
  15 merfolk impalers
  A yaktaur captain (Vaults:1)
  3 deep elf death magi
  5 merfolk javelineers
  12 fire dragons
  8 deep elf high priests
  6 ettins
  3 jiangshi (Depths:3)
  4 salamander tyrants
  10 ice dragons
  9 vault guards
  7 hydras
  2 rakshasas
  A hell beast (Depths:2)
  2 alligator snapping turtles
  5 anacondas
  5 centaur warriors
  7 spriggan air magi
  4 merfolk avatars
  An ogre mage (D:13)
  7 two-headed ogres
  5 boulder beetles
  4 satyrs
  6 merfolk aquamancers
  9 naga warriors
  A two-headed ogre (shapeshifter) (Depths:3)
  A death knight (D:13)
  3 spriggan berserkers
  6 tengu warriors
  33 dancing weapons
  2 deep troll earth magi (Depths:3)
  3 deep troll shamans
  3 vampire magi
  4 thrashing horrors
  2 shock serpents
  4 orc high priests
  5 spriggans
  A storm dragon zombie (Depths:3)
  13 deep elf knights
  11 naga sharpshooters
  5 sun demons
  Nergalle (Lair:3)
  3 iron trolls
  A wretched star (Abyss:2)
  A fire crab (Lair:5)
  10 skysharks
  A salamander mystic (Snake:4)
  16 sea snakes
  4 large abominations
  6 skeletal warriors
  Lodul (D:14)
  A golden dragon zombie (Depths:3)
  A glowing orange brain (shapeshifter) (Depths:3)
  13 deep trolls
  4 glowing orange brains
  A kraken simulacrum (Shoals:3)
  A spriggan simulacrum (Depths:3)
  9 slime creatures
  9 harpies
  11 naga ritualists
  5 starcursed masses
  9 deep elf archers
  5 lindwurms (Vaults:1)
  An orange crystal statue (Depths:1)
  9 orc knights
  3 ironbound convokers (Vaults:1)
  A lindwurm (shapeshifter) (Elf:3)
  2 wizards
  21 deep elf pyromancers
  A steelbarb worm (shapeshifter) (Elf:3)
  17 fauns
  2 necromancers
  7 cyclopes
  4 orc sorcerers
  28 deep elf zephyrmancers
  10 salamanders
  19 ugly things
  2 worldbinders
  17 mana vipers
  16 manticores
  A rust devil (D:10)
  A salamander (shapeshifter) (Depths:3)
  2 vault sentinels (Vaults:1)
  41 black mambas
  6 elephants (Lair:5)
  7 water nymphs
  10 merfolk sirens
  21 moths of wrath
  A guardian serpent (shapeshifter) (Depths:3)
  4 molten gargoyles
  2 black mambas (shapeshifter)
  4 gargoyles
  11 naga magi
  2 smoke demons (Abyss:2)
  3 guardian serpents
  2 orange demons (Depths:2)
  4 centaur skeletons (D:13)
  8 cane toads
  4 kobold demonologists
  A cane toad (shapeshifter) (D:13)
  10 yaktaurs
  8 rime drakes
  2 freezing wraiths (D:13)
  6 tengu conjurers
  A golden dragon simulacrum (Zot:3)
  6 komodo dragons
  2 polar bears (shapeshifter)
  An ice devil (D:15)
  A queen bee (D:9)
  3 trolls
  2 hellwings
  A polar bear (Lair:3)
  3 meliai (D:13)
  A meliai (shapeshifter) (Elf:3)
  2 tarantellas (shapeshifter) (Elf:3)
  3 hornets
  28 merfolk
  A wind drake (shapeshifter) (Elf:3)
  15 wind drakes
  6 snapping turtles
  3 blink frogs (Lair:4)
  2 blink frogs (shapeshifter) (Elf:3)
  A snapping turtle (shapeshifter) (Depths:4)
  2 draconian simulacra (Zot:3)
  12 air elementals
  3 centaur simulacra
  A spriggan (shapeshifter) (Depths:3)
  41 water elementals
  3 vampires
  2 shadows
  Eustachio (D:6)
  A ynoxinul (Abyss:3)
  4 wraiths
  A yak (shapeshifter) (Depths:3)
  2 fire elementals
  6 hogs (Snake:1)
  10 basilisks
  35 yaks
  2 alligator snapping turtle simulacra (Shoals:3)
  4 wyverns
  A yaktaur simulacrum (Vaults:1)
  3 neqoxecs
  2 small abominations (Abyss:2)
  Grum (Lair:1)
  6 vampire mosquitoes
  Edmund (D:6)
  4 death yak simulacra (Shoals:3)
  4 steam dragons
  A steam dragon (shapeshifter) (Depths:3)
  Menkaure (D:5)
  2 sea snake simulacra (Shoals:3)
  2 wargs (Orc:1)
  A harpy simulacrum (Shoals:3)
  An ogre skeleton (Vaults:1)
  2 acid dragons
  34 nagas
  Duvessa (D:4)
  18 water moccasins
  2 floating eyes
  5 hell hounds (Lair:5)
  2 moth of wrath simulacra (Zot:3)
  46 orc warriors
  A sky beast (D:7)
  3 glowing shapeshifter skeletons
  2 black bears
  16 ogres
  12 wolves
  A boggart (D:13)
  4 satyr simulacra (Shoals:3)
  9 centaurs
  2 phantoms (D:6)
  6 kobold brigands
  Blork the orc (D:5)
  10 bullfrogs
  2 earth elementals
  2 gnoll sergeants
  A bullfrog (shapeshifter) (Elf:3)
  3 faun simulacra (Shoals:3)
  4 merfolk simulacra (Shoals:3)
  A scorpion (D:4)
  17 wights
  Dowan (D:4)
  29 killer bees
  2 snapping turtle simulacra (Shoals:3)
  An electric eel (D:8)
  9 vampire bats
  6 howler monkeys
  6 wolf zombies (Bailey)
  5 lava snakes (Lair:5)
  6 hounds (D:8)
  2 gnoll boudas
  2 jellies
  19 orc priests
  2 sleepcaps
  28 orc wizards
  Terence (D:2)
  Ijyb (D:5)
  Natasha (twice) (D:2)
  2 iguanas
  A mummy (D:10)
  19 gnolls
  11 adders
  A white imp (D:7)
  2 ufetubi
  A worm (D:4)
  4 dart slugs
  81 orcs
  3 ball pythons
  12 bats
  6 endoplasms
  11 hobgoblins
  4 jackals
  25 kobolds
  4 quokkas (D:2)
  3 frilled lizards
  10 goblins
  17 orc zombies (Bailey)
  5 rats
  6 tentacles
1772 creatures vanquished.

Vanquished Creatures (collateral kills)
  A ghost moth (Zot:4)
  A green draconian (Zot:4)
  3 black draconians (Zot:4)
  A white draconian (Zot:4)
  2 yellow draconians (Zot:4)
  A faun (Shoals:3)
  A moth of wrath (Zot:4)
  An orc wizard (D:9)
  A plant (Shoals:3)
12 creatures vanquished.

Vanquished Creatures (others)
  A draconian knight (Zot:5)
  A deep elf high priest (Elf:3)
  A deep elf knight (Elf:2)
  A deep elf zephyrmancer (Elf:3)
  2 fauns
  A basilisk (Lair:5)
  An iguana (D:6)
  A demonic plant (Abyss:3)
  18 fungi
  91 plants
  2 starspawn tentacles (Abyss:3)
  9 tentacles
129 creatures vanquished.

Grand Total: 1913 creatures vanquished

Notes
Turn   | Place    | Note
-------+----------+-------------------------------------------
     0 | D:1      | Anon1729 the Minotaur Monk began the quest for the Orb.
     0 | D:1      | Reached XP level 1. HP: 19/19 MP: 0/0
   152 | D:1      | Reached XP level 2. HP: 27/27 MP: 1/1
   429 | D:1      | Reached skill level 1 in Armour
   522 | D:1      | Found a faded altar of an unknown god.
   670 | D:2      | Noticed Natasha
   688 | D:2      | Killed Natasha
   689 | D:2      | Reached skill level 1 in Invocations
   689 | D:2      | Reached XP level 3. HP: 28/33 MP: 2/2
   748 | D:2      | Got the Compendium of Postmortem Shaping
   873 | D:2      | Identified the +4 short sword "Bumymnim" {elec, rC+ Dex+2}
   877 | D:2      | Reached XP level 4. HP: 38/40 MP: 4/4
  1266 | D:2      | Noticed Natasha
  1272 | D:2      | Killed Natasha
  1396 | D:2      | Noticed Terence
  1403 | D:2      | Killed Terence
  1404 | D:2      | Reached XP level 5. HP: 47/47 MP: 5/5
  1611 | D:3      | You fall into a shaft and drop 3 floors!
  1624 | D:6      | Reached skill level 2 in Invocations
  1633 | D:6      | Reached XP level 6. HP: 25/55 MP: 6/6
  1640 | D:6      | Reached skill level 5 in Fighting
  1809 | D:6      | Found an opulent altar of Gozag.
  1898 | D:6      | Reached skill level 3 in Invocations
  1898 | D:6      | Reached XP level 7. HP: 45/61 MP: 8/8
  1920 | D:6      | Reached skill level 5 in Dodging
  2150 | D:6      | Reached skill level 5 in Short Blades
  2340 | D:6      | Noticed Eustachio
  2347 | D:6      | Killed Eustachio
  2426 | D:6      | Found a stormy altar of Qazlal.
  2619 | D:6      | Noticed Edmund
  2631 | D:6      | Killed Edmund
  2724 | D:6      | Reached XP level 8. HP: 64/70 MP: 9/9
  2823 | D:5      | Entered Level 5 of the Dungeon
  2833 | D:5      | Reached skill level 4 in Invocations
  2918 | D:5      | Noticed Menkaure
  2925 | D:5      | Killed Menkaure
  2926 | D:5      | Reached skill level 5 in Armour
  3077 | D:5      | Identified the +1 plate armour "Lilu" {Int+5}
  3384 | D:5      | Noticed Blork the orc
  3390 | D:5      | Killed Blork the orc
  3426 | D:5      | Noticed Ijyb
  3433 | D:5      | Killed Ijyb
  3901 | D:4      | Reached skill level 5 in Invocations
  3913 | D:4      | Reached XP level 9. HP: 56/79 MP: 11/11
  3998 | D:4      | Found a staircase to the Ecumenical Temple.
  4365 | D:4      | Noticed Dowan
  4366 | D:4      | Found a shimmering blue altar of Sif Muna.
  4370 | D:4      | Killed Dowan
  4374 | D:4      | Found a bloodstained altar of Trog.
  4374 | D:4      | Noticed Duvessa
  4383 | D:4      | Killed Duvessa
  4606 | D:4      | Found an ornate altar of the Wu Jian Council.
  4899 | Temple   | Entered the Ecumenical Temple
  5817 | D:7      | Found a burning altar of Makhleb.
  6301 | D:7      | Found a broken altar of Ashenzari.
  6316 | D:7      | Identified the +1 war axe "Uhimeq" {antimagic, Fly}
  6695 | D:8      | Found a staircase to the Lair.
  6695 | D:8      | Noticed a troll
  6711 | D:8      | Reached skill level 6 in Invocations
  6721 | D:8      | Killed a troll
  7050 | D:8      | Found an iron altar of Okawaru.
  7357 | D:8      | Reached XP level 10. HP: 90/90 MP: 13/13
  7608 | D:8      | Identified the +1 leather armour of Cumafatot {*Corrode
                  | rPois rN+}
  7807 | D:9      | Noticed a sixfirhy
  8148 | D:9      | Found a glowing silver altar of Zin.
  8148 | D:9      | Found a basalt altar of Yredelemnul.
  8234 | D:9      | Noticed a two-headed ogre
  8243 | D:9      | Killed a two-headed ogre
  8244 | D:9      | Reached skill level 7 in Invocations
  8623 | D:9      | Paralysed by a hornet for 3 turns
  8822 | D:9      | Found a hazy altar of Hepliaklqana.
  9188 | D:10     | Entered Level 10 of the Dungeon
  9188 | D:10     | Found a flagged portal.
  9201 | Bailey   | Entered a bailey
  9231 | Bailey   | Noticed a gargoyle
  9257 | Bailey   | Killed a gargoyle
  9382 | Bailey   | Reached XP level 11. HP: 92/99 MP: 15/15
  9481 | Bailey   | Identified the +0 robe "Wehef" {Rampage rPois Regen+}
  9769 | D:10     | Identified 2 scrolls of acquirement
  9780 | D:10     | Acquired the ring "Lutrenyr" {AC+4 Str+4 Slay+5}
  9809 | D:10     | Reached skill level 10 in Fighting
  9915 | D:10     | Found Wyubroex's Book Boutique.
 10001 | D:10     | Noticed a sea snake
 10230 | D:10     | Found Duagoog's Changing Room.
 10249 | D:10     | Found a snail-covered altar of Cheibriados.
 10334 | D:10     | Found a hide-covered altar of Uskayaw.
 10598 | D:10     | Became a worshipper of Uskayaw the Reveller
 10598 | D:10     | Reached * piety under Uskayaw
 10671 | D:11     | Reached ** piety under Uskayaw
 10676 | D:11     | Reached *** piety under Uskayaw
 10716 | D:11     | Noticed a two-headed ogre
 10723 | D:11     | Killed a two-headed ogre
 10724 | D:11     | Reached skill level 8 in Invocations
 10796 | D:11     | Reached **** piety under Uskayaw
 10801 | D:11     | Reached ***** piety under Uskayaw
 10922 | D:11     | Reached skill level 10 in Armour
 10941 | D:11     | Noticed a boulder beetle
 10953 | D:11     | Killed a boulder beetle
 10963 | D:11     | Found a staircase to the Orcish Mines.
 10995 | D:11     | Reached skill level 10 in Short Blades
 10995 | D:11     | Reached skill level 10 in Dodging
 11006 | D:11     | Reached ****** piety under Uskayaw
 12144 | D:12     | Noticed a skeletal warrior
 12145 | D:12     | Noticed a skeletal warrior
 12145 | D:12     | Noticed a skeletal warrior
 12146 | D:12     | Noticed a skeletal warrior
 12154 | D:12     | Killed a skeletal warrior
 12156 | D:12     | Killed a skeletal warrior
 12157 | D:12     | Noticed a skeletal warrior
 12161 | D:12     | Killed a skeletal warrior
 12162 | D:12     | Reached XP level 12. HP: 86/110 MP: 17/17
 12634 | D:12     | Reached skill level 9 in Invocations
 13284 | Lair:1   | Entered Level 1 of the Lair of Beasts
 13284 | Lair:1   | Noticed Grum
 13295 | Lair:1   | Killed Grum
 13367 | Lair:1   | Noticed Gastronok
 13380 | Lair:1   | Killed Gastronok
 13402 | Lair:1   | You fall into a shaft and drop 1 floor!
 13497 | Lair:2   | Found a staircase to the Snake Pit.
 14958 | Lair:3   | Found a staircase to the Shoals.
 15401 | Lair:3   | Noticed a seven-headed hydra
 15409 | Lair:3   | Killed a seven-headed hydra
 15529 | Lair:3   | Noticed Nergalle
 15542 | Lair:3   | Killed Nergalle
 15700 | Lair:3   | Reached skill level 10 in Invocations
 15756 | Lair:3   | Reached XP level 13. HP: 119/119 MP: 19/19
 16261 | Lair:4   | Found a viscous altar of Jiyva.
 16261 | Lair:4   | Found a staircase to the Slime Pits.
 16763 | Lair:5   | Entered Level 5 of the Lair of Beasts
 17457 | Lair:5   | Found a large runed translucent door.
 17457 | Lair:5   | Found a large runed translucent door.
 17520 | Lair:5   | Noticed a fire dragon
 17892 | Lair:5   | Found a stormy altar of Qazlal.
 17922 | Lair:5   | Reached skill level 11 in Invocations
 18321 | Lair:5   | Killed a fire dragon
 18724 | D:13     | Reached XP level 14. HP: 108/129 MP: 21/21
 19243 | D:13     | Paralysed by an ogre mage for 4 turns
 19359 | D:13     | Found a gate to the Vaults.
 19888 | D:13     | Identified the +2 scimitar "Nieph" {holy, Will++ Int-4
                  | Dex+4}
 19891 | D:13     | Identified the +0 arbalest "Xoorer" {drain, rElec Str-3
                  | Int+3 Dex+2}
 19960 | D:13     | Identified the +4 ring mail of Fashionability {Int+4}
 19961 | D:13     | Identified the +4 morningstar "Goblin's Foe" {flame, Int+3}
 20390 | D:14     | Reached skill level 12 in Invocations
 20651 | D:14     | Noticed Lodul
 20666 | D:14     | Killed Lodul
 20814 | D:14     | Noticed Kilet's ghost (adept GrEE)
 20829 | D:14     | Found a transporter.
 20837 | D:14     | Found a transporter.
 21037 | D:14     | Found a sparkling altar of Nemelex Xobeh.
 21089 | D:15     | Entered Level 15 of the Dungeon
 21345 | Orc:1    | Entered Level 1 of the Orcish Mines
 21347 | Orc:1    | Noticed an orc warlord
 21355 | Orc:1    | Reached XP level 15. HP: 139/139 MP: 23/23
 21742 | Orc:1    | Found Olawkih's Vocational Training.
 21759 | Orc:1    | Reached skill level 15 in Fighting
 21981 | Orc:1    | Bought a manual of Invocations for 1440 gold pieces
 22003 | Orc:2    | Entered Level 2 of the Orcish Mines
 22294 | Orc:2    | Found a staircase to the Elven Halls.
 23009 | Orc:2    | Found Keptossun's Antique Armour Boutique.
 23041 | Orc:2    | Found Jeajuze's Antique Weapon Emporium.
 23070 | Orc:2    | Reached skill level 15 in Armour
 23075 | Orc:2    | Reached skill level 13 in Invocations
 23165 | Orc:2    | Found Raosyqun's General Store.
 23220 | Orc:2    | Found Obojet's Jewellery Shop.
 23941 | D:15     | Found a staircase to the Depths.
 24497 | Snake:1  | Entered Level 1 of the Snake Pit
 24622 | Snake:1  | Noticed Kirke
 24643 | Snake:1  | Killed Kirke
 25284 | Snake:2  | Reached skill level 14 in Invocations
 25356 | Snake:2  | Reached XP level 16. HP: 143/151 MP: 25/25
 25757 | Snake:2  | Reached skill level 15 in Short Blades
 25781 | Snake:2  | Reached skill level 15 in Dodging
 26041 | Snake:2  | Noticed Asterion
 26046 | Snake:2  | Killed Asterion
 26174 | Snake:2  | Noticed Nikola
 26187 | Snake:2  | Killed Nikola
 26567 | Snake:2  | Found Noadamma's Distillery.
 26569 | Snake:2  | Found Ehushor's Antique Weapon Shoppe.
 26571 | Snake:2  | Found Uwanula's Antique Armour Emporium.
 26575 | Snake:2  | Bought a potion of experience for 600 gold pieces
 26575 | Snake:2  | Bought a potion of might for 48 gold pieces
 26575 | Snake:2  | Bought a potion of mutation for 96 gold pieces
 26575 | Snake:2  | Bought a potion of might for 48 gold pieces
 26575 | Snake:2  | Bought a potion of flight for 36 gold pieces
 26575 | Snake:2  | Bought a potion of curing for 36 gold pieces
 26575 | Snake:2  | Bought a potion of mutation for 96 gold pieces
 26578 | Snake:2  | Reached skill level 16 in Invocations
 26578 | Snake:2  | Reached XP level 17. HP: 159/159 MP: 26/28
 26582 | Snake:2  | Noticed Mlioglotl
 26592 | Snake:2  | Killed Mlioglotl
 26595 | Snake:2  | Bought a crude chain mail for 161 gold pieces
 26595 | Snake:2  | Identified the +2 chain mail of the Boiling Point {rElec
                  | rC- Will- Regen+} (You bought it in a shop on level 2 of
                  | the Snake Pit)
 27115 | Snake:3  | Noticed Aizul
 27121 | Snake:3  | Reached skill level 17 in Invocations
 27426 | Snake:3  | Killed Aizul
 27875 | Snake:3  | Reached skill level 1 in Evocations
 28180 | Snake:4  | Entered Level 4 of the Snake Pit
 28504 | Snake:4  | Found Hiwn's General Store.
 28869 | Snake:4  | Acquired the +3 buckler of the Pleiades {rElec Dex+4}
 29003 | Snake:4  | Reached skill level 1 in Shields
 29168 | Snake:4  | Noticed a quicksilver dragon
 29172 | Snake:4  | Noticed a quicksilver dragon
 29183 | Snake:4  | Killed a quicksilver dragon
 29185 | Snake:4  | Killed a quicksilver dragon
 29254 | Snake:4  | Reached XP level 18. HP: 133/168 MP: 29/29
 29354 | Snake:4  | Reached skill level 18 in Invocations
 29403 | Snake:4  | Got a serpentine rune of Zot
 29573 | Shoals:1 | Entered Level 1 of the Shoals
 29908 | Shoals:1 | Found Ecsujuwk's Weapon Shop.
 31021 | Shoals:2 | Reached skill level 5 in Shields
 31689 | Shoals:2 | Reached skill level 5 in Evocations
 32549 | Shoals:3 | Found a runed translucent gate.
 32550 | Shoals:3 | Found a runed translucent gate.
 32551 | Shoals:3 | Found a runed translucent gate.
 33372 | Shoals:3 | Identified the +0 robe "Toinujur" {rPois Archmagi}
 33401 | Shoals:4 | Entered Level 4 of the Shoals
 34500 | Shoals:4 | Paralysed by an air elemental for 1 turns
 34796 | Shoals:4 | Reached XP level 19. HP: 172/177 MP: 31/31
 35001 | Shoals:4 | Reached skill level 19 in Invocations
 35012 | Shoals:4 | Paralysed by an air elemental for 1 turns
 35564 | Shoals:4 | Got a barnacled rune of Zot
 36180 | Vaults:1 | Entered Level 1 of the Vaults
 36650 | Vaults:1 | Found a flickering gateway to a bazaar.
 36660 | Bazaar   | Entered a bazaar
 36660 | Bazaar   | Found Ehuamap's Weapon Emporium.
 36660 | Bazaar   | Found Ludif's Antique Armour Emporium.
 36661 | Bazaar   | Found Nulow's Antique Weapon Shoppe.
 36661 | Bazaar   | Found Ruesu's Book Shoppe.
 36684 | Bazaar   | Bought a dazzling ring mail for 135 gold pieces
 36684 | Bazaar   | Identified the +0 ring mail of Pleasant Breezes {rN++} (You
                  | bought it in a shop in a bazaar)
 38096 | Depths:1 | Entered Level 1 of the Depths
 38149 | Depths:1 | Paralysed by a floating eye for 4 turns
 38157 | Depths:1 | Paralysed by a floating eye for 3 turns
 38482 | Depths:1 | Paralysed by a floating eye for 2 turns
 38833 | Elf:1    | Entered Level 1 of the Elven Halls
 38837 | Elf:1    | Paralysed by an air elemental for 1 turns
 39007 | Elf:1    | Found Leaboc's Jewellery Shop.
 39008 | Elf:1    | Found Udyaxkaf's Book Shoppe.
 39010 | Elf:1    | Found Ejepha Sita's Jewellery Shop.
 39073 | Elf:1    | Noticed Louise
 39085 | Elf:1    | Killed Louise
 39327 | Elf:1    | Noticed Frances
 39340 | Elf:1    | Killed Frances
 39665 | Elf:1    | Found a portal to a secret trove of treasure.
 40177 | Elf:2    | Reached XP level 20. HP: 157/187 MP: 32/32
 40180 | Elf:2    | Paralysed by an air elemental for 1 turns
 40439 | Elf:2    | Found a runed translucent door.
 40441 | Elf:2    | Noticed Darold's ghost (adept KoIE)
 40642 | Elf:2    | Found a runed translucent gate.
 40643 | Elf:2    | Found a runed translucent gate.
 40643 | Elf:2    | Found a runed translucent gate.
 40773 | Elf:2    | Killed Darold's ghost
 40774 | Elf:2    | Reached skill level 20 in Invocations
 41897 | Elf:3    | Entered Level 3 of the Elven Halls
 42326 | Elf:3    | Reached skill level 10 in Evocations
 42408 | Elf:3    | Identified the +5 dire flail of Fortitude {freeze, Will+
                  | Dex+2}
 42750 | Elf:3    | Identified the amulet of Buympis {Acrobat *Corrode Str+4
                  | Int+2}
 43951 | Abyss:2  | Cast into level 2 of the Abyss (a deep elf demonologist)
 44315 | Abyss:3  | Found a corrupted altar of Lugonu.
 44467 | Abyss:3  | Found a corrupted altar of Lugonu.
 44467 | Abyss:3  | Found a corrupted altar of Lugonu.
 44467 | Abyss:3  | Found a corrupted altar of Lugonu.
 44569 | Abyss:3  | Found a corrupted altar of Lugonu.
 44573 | Abyss:3  | Got an abyssal rune of Zot
 44587 | Elf:3    | Escaped the Abyss
 45047 | Elf:3    | Identified the staff of death "Cuittiski" {rPois rN+ rCorr
                  | Str+8 Int-2}
 45063 | Elf:3    | Identified the +7 morningstar of the Loving Visionary
                  | {vamp, *Noise Int+6 Stlth+}
 45072 | Elf:3    | Identified the ring "Qeiperiv" {Fly Int+5}
 45375 | Elf:3    | Found a runed translucent gate.
 45375 | Elf:3    | Found a runed translucent gate.
 45375 | Elf:3    | Found a runed translucent gate.
 45533 | Elf:3    | Identified Roxanne's Tome of Modification
 45533 | Elf:3    | Noticed Roxanne
 45565 | Elf:3    | Killed Roxanne
 45711 | Elf:3    | Reached XP level 21. HP: 188/198 MP: 34/34
 46021 | Elf:3    | Found a runed translucent gate.
 46021 | Elf:3    | Found a runed translucent gate.
 46023 | Elf:3    | Found a runed translucent gate.
 46074 | Elf:3    | Noticed BerneyBell's ghost (adept MiFi)
 46094 | Elf:3    | Killed BerneyBell's ghost
 46112 | Elf:3    | Gained mutation: You are vulnerable to heat. (rF-) [a
                  | cacodemon]
 46291 | Elf:3    | Gained mutation: You occasionally lose the ability to drink
                  | potions when taking damage. [mutagenic glow]
 46300 | Elf:3    | Identified the +0 pair of boots of Space {rPois Str+2 Int+3
                  | Dex-5}
 46309 | Elf:3    | Gained mutation: Your body sometimes deteriorates upon
                  | taking damage. [mutagenic glow]
 46320 | Elf:3    | Gained mutation: You are weak. (Str -2) [mutagenic glow]
 46333 | Elf:3    | Lost mutation: You are weak. (Str -2) [potion of mutation]
 46333 | Elf:3    | Lost mutation: Your body sometimes deteriorates upon taking
                  | damage. [potion of mutation]
 46333 | Elf:3    | Lost mutation: You occasionally lose the ability to drink
                  | potions when taking damage. [potion of mutation]
 46333 | Elf:3    | Gained mutation: Your flesh is cold resistant. (rC+)
                  | [potion of mutation]
 46333 | Elf:3    | Gained mutation: You are weak. (Str -2) [potion of
                  | mutation]
 46333 | Elf:3    | Gained mutation: Your system is resistant to poisons.
                  | (rPois) [potion of mutation]
 46333 | Elf:3    | Gained mutation: You have a pair of large horns on your
                  | head. [potion of mutation]
 46334 | Elf:3    | Lost mutation: Your system is resistant to poisons. (rPois)
                  | [potion of mutation]
 46334 | Elf:3    | Lost mutation: You are weak. (Str -2) [potion of mutation]
 46334 | Elf:3    | Lost mutation: You are vulnerable to heat. (rF-) [potion of
                  | mutation]
 46334 | Elf:3    | Gained mutation: You are strong-willed. (Will+) [potion of
                  | mutation]
 46334 | Elf:3    | Gained mutation: You are frail. (-10% HP) [potion of
                  | mutation]
 46334 | Elf:3    | Lost mutation: You are frail. (-10% HP) [potion of
                  | mutation]
 46961 | Depths:1 | Found a gateway to Hell.
 46963 | Depths:1 | Found a blossoming altar of Fedhas.
 46972 | Depths:1 | Reached skill level 21 in Invocations
 47843 | Depths:2 | Found a one-way gateway to a ziggurat.
 48696 | Depths:2 | Found a one-way gate leading to the halls of Pandemonium.
 49129 | Depths:3 | Identified the +0 robe of the Locust {Regen+}
 49403 | Depths:3 | Paralysed by a sphinx for 4 turns
 49419 | Depths:3 | Paralysed by a sphinx for 2 turns
 49846 | Depths:3 | Identified the +4 glaive "Bung" {heavy, Fly rF+ Str-2}
 49939 | Depths:3 | Noticed the Enchantress
 49947 | Depths:3 | Killed the Enchantress
 50055 | Depths:3 | Found a one-way gate to the infinite horrors of the Abyss.
 50552 | Depths:3 | Acquired a manual of Evocations
 50652 | Depths:4 | Entered Level 4 of the Depths
 51171 | Depths:3 | Reached XP level 22. HP: 75/206 MP: 26/35
 52118 | Depths:4 | Found a gate to the Realm of Zot.
 52339 | Depths:4 | Noticed a caustic shrike
 52339 | Depths:4 | Noticed a caustic shrike
 52339 | Depths:4 | Noticed a caustic shrike
 52339 | Depths:4 | Noticed a caustic shrike
 52339 | Depths:4 | Noticed a caustic shrike
 52339 | Depths:4 | Noticed a caustic shrike
 52339 | Depths:4 | Noticed a caustic shrike
 52339 | Depths:4 | Noticed a caustic shrike
 52340 | Depths:4 | Noticed a caustic shrike
 52346 | Depths:4 | Killed a caustic shrike
 52347 | Depths:4 | Killed a caustic shrike
 52349 | Depths:4 | Killed a caustic shrike
 52351 | Depths:4 | Killed a caustic shrike
 52353 | Depths:4 | Killed a caustic shrike
 52353 | Depths:4 | Killed a caustic shrike
 52353 | Depths:4 | Killed a caustic shrike
 52355 | Depths:4 | Killed a caustic shrike
 52357 | Depths:4 | Killed a caustic shrike
 52472 | Depths:4 | Found Folif's Fabulous Fripperies.
 52559 | Zot:1    | Entered Level 1 of the Realm of Zot
 53368 | Orc:2    | Bought a +4 scale mail of poison resistance for 448 gold
                  | pieces
 53728 | Zot:1    | Reached skill level 22 in Invocations
 53787 | Zot:1    | Found a transporter.
 53788 | Zot:1    | Found a transporter.
 53848 | Zot:1    | Noticed Vv
 53879 | Zot:1    | Killed Vv
 54129 | Zot:1    | Found a transporter.
 54131 | Zot:1    | Found a transporter.
 54464 | Zot:2    | Noticed a golden dragon
 54479 | Zot:2    | Noticed a golden dragon
 54485 | Zot:2    | Killed a golden dragon
 54503 | Zot:2    | Killed a golden dragon
 55823 | Zot:3    | Identified the ring "Mohateus" {Ice rN+ Int-2 Stlth+}
 55823 | Zot:3    | Noticed Josephina
 55871 | Zot:3    | Killed Josephina
 56102 | Zot:3    | Reached XP level 23. HP: 193/216 MP: 37/37
 56175 | Zot:3    | Reached skill level 15 in Evocations
 57496 | Zot:4    | Identified the +5 chain mail of the Bagpipe {rF+ rC++}
 58148 | Zot:5    | Entered Level 5 of the Realm of Zot
 58776 | Zot:5    | Noticed an ancient lich
 58777 | Zot:5    | Noticed a dread lich
 58799 | Zot:5    | Killed a dread lich
 58837 | Zot:5    | Killed an ancient lich
 59169 | Zot:5    | Noticed an orb of fire
 59172 | Zot:5    | Gained mutation: Your body sometimes deteriorates upon
                  | taking damage. [an orb of fire]
 59178 | Zot:5    | Noticed an ancient lich
 59187 | Zot:5    | Noticed a Killer Klown
 59192 | Zot:5    | Killed an orb of fire
 59201 | Zot:5    | Killed an ancient lich
 59202 | Zot:5    | Reached skill level 23 in Invocations
 59204 | Zot:5    | Gained mutation: You are frail. (-10% HP) [mutagenic glow]
 59212 | Zot:5    | Killed a Killer Klown
 59234 | Zot:5    | Noticed an ancient lich
 59240 | Zot:5    | Gained mutation: Your spells are a little easier to cast,
                  | but a little less powerful. [mutagenic glow]
 59261 | Zot:5    | Gained mutation: Your magical capacity is low. (-10% MP)
                  | [mutagenic glow]
 59583 | Zot:5    | Reached skill level 10 in Shields
 59702 | Zot:5    | Killed an ancient lich
 60144 | Zot:5    | Reached XP level 24. HP: 203/203 MP: 33/33
 60149 | Zot:5    | Noticed a Killer Klown
 60173 | Zot:5    | Killed a Killer Klown
 60233 | Zot:5    | Noticed an ancient lich
 60243 | Zot:5    | Killed an ancient lich
 60250 | Zot:5    | Noticed a dread lich
 60279 | Zot:5    | Killed a dread lich
 60330 | Zot:5    | Noticed an ancient lich
 60360 | Zot:5    | Killed an ancient lich
 60395 | Zot:5    | Identified the staff of conjuration "Wimogg" {Will+ Int+3
                  | Dex+4}
 60449 | Zot:5    | Noticed an orb of fire
 60489 | Zot:5    | Killed an orb of fire
 60503 | Zot:5    | Got the Orb of Zot
 60600 | Zot:4    | Noticed Sime the pandemonium lord
 61056 | D:11     | Noticed Lothroel the pandemonium lord
 61207 | D:8      | Noticed Toare the pandemonium lord
 61418 | D:$      | Escaped with the Orb!

Illustrated notes

Levels and vault maps discovered:
D:1:      shiori_arrival_maze, layout_loops_ring,
          shapermc_ecumenical_altar_acropolis, kennysheep_doodads
D:2:      layout_basic, grunt_decor_resistance, uniq_terence, uniq_natasha
D:3:      layout_rooms
D:4:      layout_loops_ring, nzn_overflow_gifts_of_might_and_magic,
          mainiacjoe_overflow_six_doors_small, minmay_temple_entry_hall
D:5:      layout_loops_ring, hangedman_abyss_or_decor_lesser_grid, hex_tiny,
          uniq_ijyb, uniq_blork_the_orc, uniq_menkaure
D:6:      layout_basic, grunt_qazlal_clouds, mainiacjoe_overflow_24_doors,
          uniq_edmund, uniq_eustachio
D:7:      layout_rooms, evilmike_ruin_ashenzari, bloody_makhleb
D:8:      layout_loops_corners, kennysheep_mini, erik_lair_island
D:9:      layout_basic, marbit_many_paths, gammafunk_temple_overflow_wave,
          hangedman_decor_points, minivault_7
D:10:     layout_loops_cross, slow_altar_1, mainiacjoe_overflow_cross_hatched,
          serial_shops, kennysheep_mini_moat, serial_aquarium,
          aquarium_bridge_long_separate [aquarium_subvault_window,
          aquarium_subvault_bridge, aquarium_subvault_bridge,
          aquarium_subvault_bridge, aquarium_subvault_wall,
          aquarium_subvault_bridge], aquarium_window_double,
          aquarium_window_corner, aquarium_window_fake, aquarium_view_2a,
          aquarium_view_2c, enter_bailey_5, nicolae_transmutations_shop
D:11:     layout_basic, minmay_orc_entry_temple_small, roderic_batcave,
          nrook_mini_vaults
D:12:     layout_grid_maze
D:13:     minmay_the_grid_square_5x5_3x3
          [minmay_the_grid_square_5x5_spiral_small,
          minmay_the_grid_square_5x5_eight, minmay_the_grid_square_5x5_inner_i,
          minmay_the_grid_square_5x5_moneybag,
          minmay_the_grid_square_5x5_megaprize_checkered,
          minmay_the_grid_square_5x5_longway,
          minmay_the_grid_square_5x5_doubleslash,
          minmay_the_grid_square_5x5_gyroscope,
          minmay_the_grid_square_5x5_inner_v], layout_small_grid,
          hangedman_vaults_entry_quadrant_bands
D:14:     layout_gridville, nicolae_integral_box, gammafunk_ghost_arena,
          nemelex_lonely_heart_becter, uniq_lodul
D:15:     grunt_enter_depths_hoard, layout_small_grid, minmay_misc_feat_enclosed
Temple:   grunt_temple_mini_profane
Lair:1:   layout_long_grid, uniq_grum, uniq_gastronok
Lair:2:   layout_concentric_octagons, guppyfry_snake_entry_garden
Lair:3:   layout_regular_city, shoals_dummy_entry, uniq_nergalle
Lair:4:   layout_gridlike, dpeg_slime_entry_enclosed,
          chequers_serial_rivers_small_3
Lair:5:   cheibrodos_lair_end_hotspot, layout_regular_city, basic_altar
Shoals:1: layout_shoals, serial_shops, nicolae_shop_tiny_real_fake_doors
Shoals:2: layout_shoals, nicolae_shoals_lost_giant_temple,
          nicolae_shoals_drake_roost
Shoals:3: layout_shoals, nicolae_shoals_beach_cooler
Shoals:4: shoals_end_hellmonk_storm_palace [storm_palace_center_circular,
          storm_palace_corner_pillars, storm_palace_corner_pillars,
          storm_palace_corner_pillars, storm_palace_corner_grid]
Snake:1:  layout_onion_interference, grunt_ministairs_15, uniq_kirke
Snake:2:  layout_chambers, st_stairs_6, minmay_shop_star, uniq_mlioglotl,
          uniq_nikola, uniq_asterion
Snake:3:  layout_onion, uniq_aizul
Snake:4:  hellmonk_snake_rune_quicksilver_temple, layout_misc_corridors,
          serial_shops, shop, st_stairs_3
Orc:1:    layout_caves, nicolae_shop_vocational
Orc:2:    grunt_orc_gardens, layout_diamond_mine, grunt_orc_garden,
          grunt_orc_garden, grunt_orc_garden, grunt_orc_garden, basic_altar
Elf:1:    nicolae_elf_arrival_aired_out, layout_geoelf_diagonals, enter_trove_5,
          minmay_elf_demonology, lemuel_flamethrower_3, lemuel_upstairs_altar,
          minmay_shop_grove, uniq_frances, uniq_louise
Elf:2:    nicolae_elf_blades_crystal_corner, layout_geoelf_diagonals,
          ebering_ghost_reflecting_pool, roderic_roman_lattice,
          grunt_megastairs_2, lemuel_elevator
Elf:3:    minmay_elf_hall_not_hex, layout_loops_cross,
          ploomutoo_gammafunk_ghost_potion_laboratory, grunt_ministairs_2,
          uniq_roxanne
Vaults:1: v_misc_11, nicolae_vaults_doubleplus_tesselated,
          dpeg_vaults_monster_box, hangedman_vaults_pinch,
          nicolae_vaults_double_plus_2, nicolae_vaults_layer_cake_slice,
          vaults_room_hallway, vaults_standard_mumra_lines,
          vaults_room_grunt_arrival_checkpoint, nicolae_vaults_apartment_2,
          nicolae_vaults_tetromino_Z_2, ontoclasm_vaults_hangar,
          layout_vaults_omnicross, serial_shops, bzr_in_the_mist
Depths:1: layout_cave_pools, hell_entry, nicolae_lava_and_water, minivault_16,
          solitary_fountain, hangedman_abyss_or_decor_slice, fedhas_altar_1
Depths:2: nicolae_moon_pools, layout_honeycomb, enter_ziggurat_c,
          hangedman_geh_valley, rand_demon_pan_entry_5, nrook_uturn
Depths:3: minmay_split_circle, layout_gridlike, serial_bayou,
          serial_bayou_crossing, serial_bayou_pond_d,
          abyss_entry_small_statue_room, hell_entry,
          infiniplex_staircase_pillars_3b, uniq_enchantress
Depths:4: grunt_x_marks_the_spot, layout_gridville, kennysheep_flooded_box,
          pf_hell_entry_tar_river, nicolae_alphabet_shops, serial_bayou_shore_b
Zot:1:    layout_cellular_growth, nicolae_diode_quadrants, uniq_vv
Zot:2:    layout_cellular_growth
Zot:3:    layout_twisted_circle, uniq_josephina
Zot:4:    nicolae_moth_party, layout_cathedral_of_symmetry
Zot:5:    layout_misc_corridors

Skill      XL: |  1  2  3  4  5  6  7  8  9 10 11 12 13 14 15 16 17 18 19 20 21 22 23 24 |
---------------+-------------------------------------------------------------------------+-----
Armour         | 1 2 3 4 6 7 9 10 11 13 14 15 16 17 18 19 20 | 20.8
Fighting       | 4 5 6 7 8 9 11 12 13 14 16 17 18 19 20 21 | 21.0
Invocations    | 1 2 3 5 6 7 8 10 11 12 14 16 17 18 19 20 21 22 23 | 23.4
Short Blades   | 4 5 6 7 9 10 11 12 13 14 15 16 17 18 19 | 19.5
Dodging        | 4 5 6 7 9 10 11 12 13 14 15 16 17 18 19 | 19.4
Evocations     | 3 6 8 10 12 14 17 | 17.5
Shields        | 2 6 8 10 | 10.7

Action                     |  1- 3 |  4- 6 |  7- 9 | 10-12 | 13-15 | 16-18 | 19-21 | 22-24 || total
---------------------------+-------+-------+-------+-------+-------+-------+-------+-------++-------
  Melee: Short sword       |    72 |    60 |   302 |   650 |   957 |  1130 |  1602 |       ||  4773
         Headbutt          |    13 |    13 |    85 |   185 |   301 |   315 |   618 |   456 ||  1986
         Quick blade       |       |       |       |       |       |       |   127 |  1194 ||  1321
  Throw: Dart              |       |       |       |       |       |       |       |     1 ||     1
 Invoke: Grand Finale      |       |       |       |       |     2 |     4 |     2 |     2 ||    10
         Line Pass         |       |       |       |       |     1 |     3 |     8 |     2 ||    14
         Stomp             |       |       |       |       |       |    11 |     3 |     9 ||    23
  Evoke: Wand              |       |       |       |     1 |       |     1 |     2 |       ||     4
         Phial of floods   |       |       |       |       |       |     1 |       |       ||     1
         Condenser vane    |       |       |       |       |       |       |     1 |       ||     1
    Use: Potion            |     1 |       |       |       |       |     4 |     7 |    14 ||    26
         Scroll            |       |       |       |    18 |     3 |     9 |    15 |    12 ||    57
   Stab: Paralysed         |       |       |       |    27 |   115 |   116 |   184 |   109 ||   551
         Sleeping          |       |       |       |       |       |     3 |     5 |     1 ||     9
         Distracted        |       |       |       |       |       |     3 |     4 |     1 ||     8
         Confused          |       |       |       |       |       |     1 |     4 |     1 ||     6
 Armour: Robe              |     7 |       |       |       |       |       |       |       ||     7
         Scale mail        |    18 |    11 |    57 |       |       |       |       |   134 ||   220
         Chain mail        |       |       |    22 |   259 |   271 |       |       |    79 ||   631
         Leather armour    |       |       |       |       |    18 |   144 |   269 |    14 ||   445
  Dodge: Dodged            |    38 |    31 |   145 |   270 |   680 |   844 |  1018 |   482 ||  3508
  Block: Buckler           |       |       |       |       |       |   315 |   492 |   239 ||  1046
